 Dungeon Crawl Stone Soup version 0.29.1-1-gd02db6906a (webtiles) character file.

Game seed: 10589893163394701617

7384 LustLizard the Thaumaturge (level 11, -4/65 HPs)
             Began as a Djinni Ice Elementalist on Sept 28, 2022.
             Was an Initiate of Ashenzari.
             Slain by a wraith (11 damage)
             ... on level 9 of the Dungeon.
             The game lasted 00:36:21 (13624 turns).

LustLizard the Thaumaturge (DjIE)                  Turns: 13624, Time: 00:36:22

Health: -4/65      AC:  5    Str:  9    XL:     11   Next: 36%
Gold:   846        EV: 15    Int: 21    God:    Ashenzari [......] SH:  0 Dex: 20

rFire   + . .      SeeInvis .   z - +8 hand axe "Pumic" {flame, rElec rPois}
rCold   . . .      Faith    .   (no shield)
rNeg    . . .      Spirit   .   C - +0 robe {Will+}
rPois   ∞          Reflect  .   m - +1 helmet
rElec   +          Harm     .   L - +0 cloak
rCorr   .          Rampage  .   (no gloves)
Will    ++...                   (boots unavailable)
Stlth   +++.......              J - amulet of regeneration
HPRegen 1.00/turn               t - ring "Mantic the Doldrums" {Dex+6, Range, Fort} (curse)
MPRegen 0.00/turn               F - ring of Semoyrph {Ice +Blink Int+2}

@: mighty, flying, slowed, studying Axes, very slow
A: sickness immunity, fire resistance 2, cold vulnerability 1, float, innate
caster, HP casting, extra vitality 1
a: Renounce Religion, Evoke Blink, Curse Item, Shatter the Chains


You were on level 9 of the Dungeon.
You worshipped Ashenzari.
Ashenzari was noncommittal.
You visited 2 branches of the dungeon, and saw 10 of its levels.
You also visited: Sewer, Ossuary and Bailey.

You collected 846 gold pieces.

Inventory:

Hand Weapons
 b - a +0 club
 z - the +8 hand axe "Pumic" (weapon) {flame, rElec rPois}
   (You found it on level 5 of the Dungeon)

   It burns those it strikes, dealing additional fire damage.
   Big, fiery blades are also staple armaments of hydra-hunters.
   rElec:     It insulates you from electricity.
   rPois:     It protects you from poison.
 G - the +8 war axe "Siucviog" {flame, Dex+2}
   (You found it in a bailey)

   It burns those it strikes, dealing additional fire damage.
   Big, fiery blades are also staple armaments of hydra-hunters.
   Dex:       It affects your dexterity (+2).
Missiles
 d - a throwing net
Armour
 a - a +0 robe
 m - a +1 helmet (worn)
 C - a +0 robe of willpower (worn)
 L - a +0 cloak (worn)
 M - +0 steam dragon scales
Magical Staves
 f - a staff of conjuration
Jewellery
 t - the cursed ring "Mantic the Doldrums" (left hand) {Dex+6, Range, Fort}
   (You found it on level 5 of the Dungeon)

   [ring of dexterity]

   Dex:       It affects your dexterity (+6).
   It has a curse which improves the following skills: Ranged Combat: Ranged
   Weapons and Throwing.
   Fortitude: Armour and Shields.
 F - the ring of Semoyrph (right hand) {Ice +Blink Int+2}
   (You acquired it on level 7 of the Dungeon)

   [ring of ice]

   It enhances your ice magic.
   Int:       It affects your intelligence (+2).
   rF:        It makes you vulnerable to fire.
   rC:        It protects you from cold.
   +Blink:    It lets you blink.
 J - an amulet of regeneration (around neck)
Wands
 o - a wand of charming (14)
 K - a wand of iceblast (4)
Scrolls
 h - a scroll of poison {unknown}
 i - 2 scrolls of magic mapping
 l - a scroll of fog
 p - a scroll of blinking
 r - 4 scrolls of teleportation
 s - a scroll of noise {unknown}
 u - 2 scrolls of amnesia {unknown}
 v - a scroll of vulnerability {unknown}
 w - 2 scrolls of enchant weapon {unknown}
 x - a scroll of enchant armour {unknown}
 y - a scroll of silence {unknown}
 A - 2 scrolls of summoning
 B - 2 scrolls of immolation {unknown}
 I - a scroll of brand weapon {unknown}
Potions
 c - 3 potions of lignification
 e - a potion of heal wounds {unknown}
 g - 2 potions of might
 j - 5 potions of cancellation
 k - 10 potions of curing
 n - 2 potions of flight
 q - 5 potions of degeneration
 D - 5 potions of attraction
 E - a potion of invisibility {unknown}
 H - a potion of haste {unknown}


   Skills:
 + Level 6.2 Axes
 + Level 5.5 Dodging
 - Level 6.0 Stealth
 * Level 10.0 Spellcasting
 + Level 5.3 Evocations


You had 5 spell levels left.
You knew the following spells:

 Your Spells              Type           Power      Damage    Failure   Level
a - Freeze                Ice            100%       1d11      1%          1
b - Frozen Ramparts       Ice            100%       1d16      1%          3
c - Ozocubu's Armour      Ice            68%        N/A       1%          3
d - Hailstorm             Conj/Ice       68%        3d14      1%          4
e - Sting                 Tmut/Pois      100%       1d8       1%          1
f - Searing Ray           Conj           100%       2d8       1%          2
g - Wereblood             Tmut           52%        N/A       1%          2
h - Animate Armour        Summ/Erth      100%       N/A       1%          4
i - Summon Mana Viper     Hex/Summ       52%        N/A       2%          5
Your spell library was empty.

Dungeon Overview and Level Annotations

Branches:
Dungeon (9/15)             Temple (1/1) D:7           Sewer (visited)
Ossuary (visited)          Bailey (visited)
   Lair: D:8-11         Orc: D:9-12

Altars:
Ashenzari
Cheibriados
Dithmenos
Elyvilon
Fedhas
Gozag
Hepliaklqana
Makhleb
Nemelex Xobeh
Okawaru
Trog
Wu Jian
Yredelemnul
Zin
The Shining One

Annotations:
D:4 2 transporters, safid's ghost, amateur MiHu


Innate Abilities, Weirdness & Mutations

You are immune to sickness and miasma.
You are immune to poison.
Your flesh is very heat resistant. (rF++)
You are vulnerable to cold. (rC-)
You float through the air rather than walking.
You learn spells naturally, not from books.
Your magical power is your life essence.
You have superior vitality. (+4 MHP)


Message History

The wraith hits you! The wraith drains your vigour!
You feel as though you will be slow longer.
The wraith hits you. The wraith drains your vigour!
You feel as though you will be slow longer.
Casting: Searing Ray (safe; 1% risk of failure)
Confirm with . or Enter, or press ? or * to list all spells.
Casting: Frozen Ramparts (safe; 1% risk of failure)
Press: ? - help, Dir - look around, f - activate
Okay, then.
Casting: Frozen Ramparts (safe; 1% risk of failure)
Confirm with . or Enter, or press ? or * to list all spells.
Aiming: Searing Ray (safe; 1% risk of failure)
Press: ? - help, Shift-Dir - straight line, f - wraith
Aim: a wraith (heavily damaged, 83% to hit)
The searing ray hits the wraith.
The wraith is severely damaged. (Press . to maintain the ray.)
The wraith hits you!
* * * LOW HITPOINT WARNING * * *
The searing ray hits the wraith but does no damage.
The wraith is severely damaged.
* * * LOW HITPOINT WARNING * * *
The wraith hits you!
* * * LOW HITPOINT WARNING * * *
The wraith misses you.
Unknown command.
Unknown command.
The wraith hits you.
* * * LOW HITPOINT WARNING * * *
The wraith drains your vigour!
You feel as though you will be slow longer.
You feel very mighty all of a sudden. The wraith hits you.
* * * LOW HITPOINT WARNING * * *
The wraith drains your vigour!
You feel as though you will be slow longer.
You hit the wraith. You burn the wraith.
The wraith is almost destroyed.
The wraith barely misses you. The wraith hits you!
You die...

.## #.# o..####.###
..........#
..........#
..........####
.............### .
..........##...# o..
########W##....#
P....♣....).@....####
...P......###.####
.......##...#.#
....P.P ###>..#
P..P.♣. ##..##
.....P. #...# .......
#†.## P......###..##
...P...†.....##


You could see a wraith.

Vanquished Creatures
  Pikel (D:4)
  An orc knight (Bailey)
  A kobold demonologist (Bailey)
  A hornet (D:9)
  4 yaks (D:9)
  A wyvern (D:9)
  2 basilisks (D:9)
  3 steam dragons
  Menkaure (D:6)
  A water moccasin (D:9)
  11 orc warriors
  3 black bears
  2 sky beasts
  A lemure (D:4)
  2 centaurs
  3 phantoms
  5 bullfrogs
  4 kobold brigands
  4 scorpions
  6 wights
  6 killer bees (D:8)
  6 electric eels (Bailey)
  A howler monkey (D:7)
  7 hounds
  2 orc priests
  Jessica (D:2)
  An iguana (D:4)
  5 orc wizards
  8 mummies (Ossuary)
  Robin (D:2)
  3 gnolls (Bailey)
  11 adders
  2 white imps
  3 worms
  A dart slug (D:2)
  25 orcs
  13 ball pythons
  9 endoplasms
  15 giant cockroaches
  10 hobgoblins
  2 jackals (D:3)
  10 quokkas
  4 bats
  10 frilled lizards
  30 goblins
  3 hobgoblin zombies (Ossuary)
  24 kobolds
  2 kobold zombies (Ossuary)
  3 orc zombies (Ossuary)
  8 rats
283 creatures vanquished.

Vanquished Creatures (others)
  A water moccasin (D:9)
  A bush (D:9)
  8 fungi
  14 plants (D:9)
24 creatures vanquished.

Grand Total: 307 creatures vanquished

Notes
Turn   | Place    | Note
-------+----------+-------------------------------------------
     0 | D:1      | LustLizard the Djinni Ice Elementalist began the quest for
                  | the Orb.
     0 | D:1      | LustLizard set off with the following spells memorised:
                  | Freeze, Frozen Ramparts, Ozocubu's Armour, Hailstorm.
     0 | D:1      | Reached XP level 1. HP: 15/15 MP: 0/0
   228 | D:1      | Reached XP level 2. HP: 10/21 MP: 0/0
  1097 | D:1      | Reached XP level 3. HP: 18/25 MP: 0/0
  1097 | D:1      | Learned a level 1 spell: Sting
  1262 | D:1      | Found a faded altar of an unknown god.
  1542 | D:2      | Reached XP level 4. HP: 15/31 MP: 0/0
  1650 | D:2      | Noticed Robin
  1660 | D:2      | Killed Robin
  2017 | D:2      | Noticed Jessica
  2031 | D:2      | Killed Jessica
  2032 | D:2      | Reached skill level 4 in Spellcasting
  2032 | D:2      | Reached XP level 5. HP: 12/35 MP: 0/0
  2032 | D:2      | Learned a level 2 spell: Searing Ray
  3323 | D:3      | Identified the +3 spear of Ran Hich {venom, rElec rN+
                  | Int+4}
  4200 | D:4      | Reached XP level 6. HP: 9/40 MP: 0/0
  4986 | D:4      | Found a sparkling altar of Nemelex Xobeh.
  4995 | D:4      | Reached skill level 5 in Spellcasting
  4995 | D:4      | Reached XP level 7. HP: 39/45 MP: 0/0
  4995 | D:4      | Learned a level 2 spell: Wereblood
  5358 | D:4      | Noticed Pikel
  5369 | D:4      | Killed Pikel
  5370 | D:4      | Reached skill level 6 in Spellcasting
  5370 | D:4      | Reached XP level 8. HP: 13/50 MP: 0/0
  5745 | D:4      | Found a transporter.
  5745 | D:4      | Noticed safid's ghost (amateur MiHu)
  5750 | D:4      | Found a transporter.
  5866 | D:5      | Entered Level 5 of the Dungeon
  5910 | D:5      | Found a shadowy altar of Dithmenos.
  6425 | D:5      | Reached skill level 5 in Stealth
  6615 | D:5      | Identified the +8 hand axe "Pumic" {flame, rElec rPois}
  6654 | D:5      | Reached skill level 7 in Spellcasting
  6654 | D:5      | Reached XP level 9. HP: 46/55 MP: 0/0
  6654 | D:5      | Learned a level 4 spell: Animate Armour
  6717 | D:5      | You are sucked into a shaft and drop 1 floor!
  6730 | D:6      | Reached skill level 1 in Axes
  7005 | D:6      | Found an opulent altar of Gozag.
  7177 | D:6      | Found a glowing drain.
  7186 | Sewer    | Entered a sewer
  7706 | D:6      | Noticed Menkaure
  7719 | D:6      | Killed Menkaure
  8055 | D:5      | Reached skill level 8 in Spellcasting
  8748 | D:7      | Found a staircase to the Ecumenical Temple.
  8755 | Temple   | Entered the Ecumenical Temple
  8772 | Temple   | Became a worshipper of Ashenzari the Shackled
  8802 | D:7      | Found a sand-covered staircase.
  8808 | Ossuary  | Entered an ossuary
  8991 | Ossuary  | Reached XP level 10. HP: 30/60 MP: 0/0
  9113 | D:7      | Found a flagged portal.
  9119 | Bailey   | Entered a bailey
  9414 | Bailey   | Noticed a kobold demonologist
  9433 | Bailey   | Killed a kobold demonologist
  9434 | Bailey   | Reached skill level 1 in Evocations
  9793 | Bailey   | Noticed an orc knight
  9824 | Bailey   | Killed an orc knight
  9825 | Bailey   | Reached skill level 9 in Spellcasting
 10612 | Bailey   | Found an iron altar of Okawaru.
 10614 | Bailey   | Noticed an orc high priest
 11120 | Bailey   | Identified the +8 war axe "Siucviog" {flame, Dex+2}
 11356 | Bailey   | Noticed a sixfirhy
 11356 | Bailey   | Noticed a smoke demon
 11359 | D:7      | Acquired a manual of Axes
 11384 | D:7      | Acquired the ring of Semoyrph {Ice +Blink Int+2}
 11409 | D:7      | Found a hazy altar of Hepliaklqana.
 12005 | D:7      | Found a basalt altar of Yredelemnul.
 12145 | D:7      | Found a blossoming altar of Fedhas.
 12236 | D:7      | Found a white marble altar of Elyvilon.
 12411 | D:8      | Reached skill level 5 in Axes
 12612 | D:8      | Reached XP level 11. HP: 65/65 MP: 0/0
 12612 | D:8      | Learned a level 5 spell: Summon Mana Viper
 13409 | D:9      | Reached skill level 5 in Dodging
 13480 | D:9      | Reached skill level 5 in Evocations
 13525 | D:9      | Reached skill level 10 in Spellcasting
 13624 | D:9      | Slain by a wraith

Illustrated notes

Levels and vault maps discovered:
D:1:      wander_arrival_estate, layout_rooms,
          hellmonk_ecumenical_altar_crossroads, amcnicky_mini_pool_small
D:2:      layout_basic, uniq_jessica, uniq_robin
D:3:      layout_basic, nicolae_vehumet_altar_sigil, dreamdust_mushroom_princess
D:4:      layout_basic, mainiacjoe_overflow_paths, gammafunk_ghost_arena,
          uniq_pikel
D:5:      layout_cave_pools, pf_just_have_faith
D:6:      layout_basic, grunt_gozag_statues, gup_sewer_entry_bubbles,
          uniq_menkaure
D:7:      layout_basic, lemuel_crystal_altar, nicolae_elyvilon_peaceful_grove,
          mainiacjoe_overflow_brackets, mainiacjoe_overflow_small_starburst,
          minmay_temple_entry_junction_2, nicolae_ossuary_entry_plus,
          enter_bailey_3
D:8:      layout_loops_ring, kennysheep_generic_room_12
D:9:      layout_rooms, grunt_qazlal_clouds, minmay_lair_entry_grove,
          ebering_ghost_inner_flame, minmay_misc_feat_ornament,
          nicolae_blasting_shop
Temple:   compressed_dpeg_triangle_lava_temple

Skill      XL: |  1  2  3  4  5  6  7  8  9 10 11 |
---------------+----------------------------------+-----
Stealth        | 2 3 4 5 6 |  6.0
Dodging        | 3 4 5 |  5.5
Spellcasting   | 4 5 6 7 8 9 10 | 10.0
Axes           | 3 5 6 |  6.2
Evocations     | 4 5 |  5.3

Action                   |  1- 3 |  4- 6 |  7- 9 | 10-12 || total
-------------------------+-------+-------+-------+-------++-------
Melee: Staff             |    37 |    79 |    25 |       ||   141
       Punch             |       |       |     5 |     1 ||     6
       Hand axe          |       |       |   111 |   172 ||   283
 Cast: Freeze            |    44 |    26 |    12 |     2 ||    84
       Frozen Ramparts   |       |     5 |    14 |    16 ||    35
       Ozocubu's Armour  |       |     1 |    10 |     9 ||    20
       Searing Ray       |       |    22 |    30 |    36 ||    88
       Sting             |       |     2 |       |     4 ||     6
       Wereblood         |       |       |       |     1 ||     1
Invok: Curse Item        |       |       |       |     1 ||     1
  Use: Scroll            |       |     1 |     3 |     8 ||    12
       Potion            |       |       |     1 |     1 ||     2
 Stab: Sleeping          |     2 |     2 |    11 |     7 ||    22
Armor: Robe              |     7 |    40 |    42 |    24 ||   113
Dodge: Dodged            |    48 |    93 |   130 |    97 ||   368
